 Dungeon Crawl Stone Soup version 0.30-a0-743-gbfdf073431 (webtiles) character file.

Game seed: 6575741803608413901

5152 jimonade the Thaumaturge (level 10, -4/64 HPs)
             Began as a Djinni Fire Elementalist on Feb 6, 2023.
             Was an Initiate of Ashenzari.
             Slain by a cane toad (5 damage)
             ... on level 1 of the Lair of Beasts.
             The game lasted 00:21:15 (8990 turns).

jimonade the Thaumaturge (Djinni Fire Elementalist) Turns: 8990, Time: 00:21:16

Health: -4/64      AC:  4    Str: 11    XL:     10   Next: 89%
Gold:   438        EV: 13    Int: 18    God:    Ashenzari [......] SH:  0 Dex: 13

rFire   + + +      SeeInvis .    a - staff of conjuration
rCold   x x .      Faith    .    (no shield)
rNeg    . . .      Spirit   .    g - +0 robe of the Restrained Augur {Cun, Melee} (curse)
rPois   ∞          Reflect  .    O - +0 helmet
rElec   .          Harm     .    X - +0 cloak
rCorr   .          Rampage  .    (no gloves)
Will    +....                    (boots unavailable)
Stlth   ++                       (no amulet)
HPRegen 0.30/turn                l - ring of protection from fire
MPRegen 0.00/turn                G - ring of fire

@: flying
A: sickness immunity, fire resistance 2, cold vulnerability 1, float, innate
caster, HP casting, extra vitality 1
a: Renounce Religion, Shatter the Chains


You were on level 1 of the Lair of Beasts.
You worshipped Ashenzari.
Ashenzari was noncommittal.
You visited 3 branches of the dungeon, and saw 10 of its levels.
You also visited: Sewer.

You collected 438 gold pieces.

Inventory:

Hand Weapons
 v - a +0 quarterstaff
 D - a +0 hand axe of flaming
 L - a +0 rapier
 S - a +4 falchion
Missiles
 o - 2 throwing nets
 q - 4 boomerangs
 s - 3 atropa-tipped darts
 t - 17 poisoned darts
 Y - a curare-tipped dart
Armour
 d - a +0 chain mail
 f - a +0 ring mail
 g - the cursed +0 robe of the Restrained Augur (worn) {Cun, Melee}

   It has a curse which improves the following skills: Cunning: Dodging and
   Stealth.
   Melee Combat: Short Blades, Long Blades, Axes, Maces & Flails, Polearms,
   Staves and Unarmed Combat.
 h - a +0 buckler
 j - a +0 leather armour
 O - a +0 helmet (worn)
 X - a +0 cloak (worn)
Magical Staves
 a - a staff of conjuration (weapon)
Jewellery
 l - a ring of protection from fire (left hand)
 G - a ring of fire (right hand)
 K - a ring of positive energy
Wands
 M - a wand of acid (5)
 P - a wand of iceblast (10)
 U - a wand of charming (5)
 V - a wand of flame (32)
Scrolls
 c - 3 scrolls of amnesia {unknown}
 e - 3 scrolls of enchant armour {unknown}
 i - 9 scrolls of teleportation
 k - 2 scrolls of summoning {unknown}
 m - 3 scrolls of blinking {unknown}
 p - 2 scrolls of fog {unknown}
 r - a scroll of brand weapon {unknown}
 w - 4 scrolls of poison {unknown}
 y - 13 scrolls of identify {unknown}
 C - 3 scrolls of fear {unknown}
 H - 2 scrolls of vulnerability {unknown}
 N - a scroll of magic mapping {unknown}
 R - a scroll of enchant weapon {unknown}
 T - a scroll of torment {unknown}
Potions
 b - 3 potions of magic
 n - a potion of haste {unknown}
 u - a potion of berserk rage {unknown}
 x - 4 potions of curing {unknown}
 z - a potion of resistance {unknown}
 A - 5 potions of heal wounds {unknown}
 B - 2 potions of ambrosia {unknown}
 E - 3 potions of lignification {unknown}
 F - 3 potions of mutation
 I - a potion of cancellation {unknown}
 J - a potion of attraction {unknown}
 Q - a potion of might {unknown}
Miscellaneous
 W - a piece from Xom's chessboard (15/15)


   Skills:
 * Level 1.6 Fighting
 + Level 2.8(3.2) Dodging
 - Level 1.5(1.9) Stealth
 + Level 11.9 Spellcasting


You had 9 spell levels left.
You knew the following spells:

 Your Spells              Type           Power      Damage    Failure   Level
a - Foxfire               Conj/Fire      100%       2x1d9     1%          1
b - Scorch                Fire           100%       2d10      1%          2
c - Kindle Blastsparks    Fire/Tloc/Air  100%       2d18      1%          3
d - Inner Flame           Hex/Fire       69%        N/A       1%          3
e - Flame Wave            Conj/Fire      88%        2d19      1%          4
f - Magic Dart            Conj           100%       1d8       1%          1
g - Searing Ray           Conj           100%       2d8       1%          2
h - Call Canine Familiar  Summ           52%        N/A       1%          3
i - Passage of Golubria   Tloc           52%        N/A       1%          4
Your spell library was empty.

Dungeon Overview and Level Annotations

Branches:
Dungeon (8/15)             Temple (1/1) D:7            Lair (1/5) D:8
  Sewer (visited)

Altars:
Ashenzari
Dithmenos
Elyvilon
Fedhas
Gozag
Hepliaklqana
Makhleb
Nemelex Xobeh
Okawaru
Qazlal
Ru
Trog
Uskayaw
Wu Jian
Xom
Yredelemnul
The Shining One

Shops:
D:3 :


Innate Abilities, Weirdness & Mutations

You are immune to sickness and miasma.
You are immune to poison.
Your flesh is very heat resistant. (rF++)
You are vulnerable to cold. (rC-)
You float through the air rather than walking.
You learn spells naturally, not from books.
Your magical power is your life essence.
You have superior vitality. (+4 MHP)


Message History

A water moccasin comes into view.
Casting: Scorch (safe; 1% risk of failure)
Confirm with . or Enter, or press ? or * to list all spells.
You feel a surge of power!
Flames lash the cane toad.
The cane toad is burned terribly!
The cane toad is heavily wounded.
Your wolf barely misses the cane toad.
The cane toad stings you. The cane toad barely misses you.
Your wolf bites the cane toad but does no damage.
The cane toad stings you! The wyvern barely misses your wolf.
Your wolf bites the cane toad but does no damage.
Something bites your wolf! The cane toad stings you!
An elephant comes into view.
Casting: Scorch (safe; 1% risk of failure)
Confirm with . or Enter, or press ? or * to list all spells.
You feel a surge of power!
Flames lash the cane toad.
The cane toad is burned terribly!
The cane toad is severely wounded.
The cane toad is no longer more vulnerable to fire.
Your wolf bites the cane toad.
Your wolf bites the cane toad but does no damage.
The cane toad stings your wolf but does no damage.
The cane toad stings you.
Casting: Scorch (safe; 1% risk of failure)
Confirm with . or Enter, or press ? or * to list all spells.
You feel a surge of power!
Flames lash the cane toad.
The cane toad is burned terribly!
You kill the cane toad!
* * * LOW HITPOINT WARNING * * *
Your wolf misses the wyvern. The cane toad stings you!
* * * LOW HITPOINT WARNING * * *
Your wolf bites the wyvern but does no damage.
Casting: Scorch (safe; 1% risk of failure)
Confirm with . or Enter, or press ? or * to list all spells.
You feel a surge of power!
Flames lash the cane toad.
The cane toad is moderately wounded.
The cane toad's fire resistance burns away.
* * * LOW HITPOINT WARNING * * *
Your wolf closely misses the wyvern.
The cane toad stings you.
You die...

...# .... ....## #)..#
#..... #...# #....####...#
#..Y.8....# #....h..#
#..l..# ###F### #..@.# ..#
##....##...# ####
#.....#P...# #..###
♣##.....##...# ## #...:#
♣.......##...###.#
##.(.###..................
#~(..# #..................
#~..[# ♣..................
##..## ♣♣##....##.........


You could see an elephant, a cane toad (combustible), a wyvern (ally target) and
a friendly wolf (summoned).

Vanquished Creatures
  A deep elf pyromancer (D:7)
  A gargoyle (D:7)
  A cane toad (Lair:1)
  A polar bear (Lair:1)
  A hornet (D:7)
  An ice beast (D:8)
  2 orc warriors
  2 sky beasts
  A black bear (Lair:1)
  3 centaurs
  3 phantoms
  A kobold brigand (D:8)
  A bullfrog (D:8)
  A necrophage (D:8)
  4 scorpions
  5 wights (D:6)
  4 killer bees (D:8)
  4 electric eels
  A howler monkey (D:6)
  5 hounds
  4 jellies
  2 orc priests
  2 gnoll boudas
  Natasha (thrice) (D:4)
  4 iguanas
  8 orc wizards
  8 gnolls
  10 adders
  A river rat (Sewer)
  A white imp (D:7)
  An ufetubus (D:5)
  5 worms
  3 dart slugs (D:1)
  24 orcs
  10 endoplasms
  5 giant cockroaches
  3 goblins
  13 hobgoblins
  7 jackals
  3 quokkas
  12 ball pythons
  6 bats
  7 frilled lizards
  8 kobolds
  4 rats
197 creatures vanquished.

Vanquished Creatures (collateral kills)
  A rime drake (Lair:1)
  A centaur (D:8)
  A necrophage (D:6)
  A bullfrog (D:6)
  A hound (D:6)
  2 iguanas (D:6)
  3 gnolls
  A river rat (Sewer)
  2 white imps
  9 orcs
  2 kobolds (D:8)
  2 butterflies (D:8)
26 creatures vanquished.

Vanquished Creatures (others)
  349 foxfires
  A fungus (Lair:1)
  2 plants (D:8)
352 creatures vanquished.

Grand Total: 575 creatures vanquished

Notes
Turn   | Place    | Note
-------+----------+-------------------------------------------
     0 | D:1      | jimonade the Djinni Fire Elementalist began the quest for
                  | the Orb.
     0 | D:1      | jimonade set off with the following spells memorised:
                  | Foxfire, Scorch, Kindle Blastsparks, Inner Flame, Flame
                  | Wave.
     0 | D:1      | Reached XP level 1. HP: 15/15 MP: 0/0
   274 | D:1      | Reached XP level 2. HP: 18/21 MP: 0/0
   340 | D:1      | Reached skill level 3 in Spellcasting
   448 | D:1      | Reached XP level 3. HP: 21/25 MP: 0/0
   448 | D:1      | Learned a level 1 spell: Magic Dart
   585 | D:1      | Found a faded altar of an unknown god.
  1150 | D:2      | Reached XP level 4. HP: 27/31 MP: 0/0
  1315 | D:2      | You are sucked into a shaft and drop 1 floor!
  1838 | D:3      | Found Mismag's Book Emporium.
  1850 | D:3      | Reached skill level 4 in Spellcasting
  1856 | D:3      | Reached XP level 5. HP: 14/35 MP: 0/0
  1856 | D:3      | Learned a level 2 spell: Searing Ray
  2332 | D:2      | Found a hide-covered altar of Uskayaw.
  2526 | D:4      | Noticed a phantom
  2532 | D:4      | Killed a phantom
  2533 | D:4      | Reached XP level 6. HP: 36/40 MP: 0/0
  2584 | D:4      | Reached skill level 5 in Spellcasting
  3070 | D:4      | Reached XP level 7. HP: 41/45 MP: 0/0
  3070 | D:4      | Learned a level 3 spell: Call Canine Familiar
  3073 | D:4      | Noticed Natasha
  3079 | D:4      | Killed Natasha
  3210 | D:4      | Reached skill level 6 in Spellcasting
  3309 | D:4      | Noticed Natasha
  3313 | D:4      | Killed Natasha
  3462 | D:4      | Noticed Natasha
  3466 | D:4      | Killed Natasha
  3616 | D:5      | Entered Level 5 of the Dungeon
  3650 | D:5      | Reached XP level 8. HP: 45/50 MP: 0/0
  3701 | D:5      | Reached skill level 7 in Spellcasting
  3903 | D:5      | Found a glowing drain.
  3913 | Sewer    | Entered a sewer
  4686 | D:5      | Reached skill level 8 in Spellcasting
  4964 | D:6      | Reached XP level 9. HP: 45/55 MP: 0/0
  4964 | D:6      | Learned a level 4 spell: Passage of Golubria
  5236 | D:6      | Reached skill level 9 in Spellcasting
  6002 | D:7      | Noticed a deep elf pyromancer
  6009 | D:7      | Killed a deep elf pyromancer
  6010 | D:7      | Reached skill level 10 in Spellcasting
  6232 | D:7      | Reached XP level 10. HP: 54/60 MP: 0/0
  6260 | D:7      | Found a staircase to the Ecumenical Temple.
  6268 | Temple   | Entered the Ecumenical Temple
  6268 | Temple   | Found a transporter.
  6268 | Temple   | Found a transporter.
  6270 | Temple   | Found a transporter.
  6270 | Temple   | Found a transporter.
  6283 | Temple   | Became a worshipper of Ashenzari the Shackled
  6911 | D:7      | Noticed a gargoyle
  6923 | D:7      | Killed a gargoyle
  7108 | D:8      | Reached skill level 11 in Spellcasting
  7348 | D:8      | Found a staircase to the Lair.
  7375 | D:8      | Found a shimmering altar of Xom.
  8498 | Lair:1   | Entered Level 1 of the Lair of Beasts
  8498 | Lair:1   | Noticed a cane toad
  8499 | Lair:1   | Noticed a rime drake
  8503 | Lair:1   | Killed a rime drake
  8600 | Lair:1   | Reached skill level 1 in Fighting
  8981 | Lair:1   | Noticed a cane toad
  8987 | Lair:1   | Noticed an elephant
  8989 | Lair:1   | Killed a cane toad
  8989 | Lair:1   | HP: 3/62 [cane toad (15)]
  8990 | Lair:1   | Slain by a cane toad

Illustrated notes

Levels and vault maps discovered:
D:1:      ebering_trefoil_3fold, layout_basic,
          hellmonk_ecumenical_altar_lost_god, minmay_domino_2
D:2:      layout_basic, basic_altar
D:3:      layout_rooms, serial_shops, nicolae_diamond_shop, grunt_ministairs_10
D:4:      layout_loops_ring, uniq_natasha
D:5:      layout_basic, portal_sewer_entry_d
D:6:      layout_basic, columned_hall_lemuel
D:7:      layout_rooms, minmay_temple_entry_tees, serial_rivers,
          chequers_serial_rivers_small_3, chequers_serial_rivers_marsh,
          chequers_serial_rivers_micro_d, chequers_serial_rivers_large_a
D:8:      layout_rooms, xom_butterflies, dpeg_oklobed_lair, serial_corexii_hall,
          corexii_hall_statues_l, corexii_hall_statues_s, water_maze_lemuel
Temple:   hellmonk_temple_divided_pantheon
Lair:1:   layout_small_grid, special_room [special_room_bee],
          gammafunk_lair_bear_cave, grunt_megastairs_5

Skill      XL: |  1  2  3  4  5  6  7  8  9 10 |
---------------+-------------------------------+-----
Spellcasting   | 3 4 5 6 8 10 11 | 11.9
Fighting       | 1 |  1.6
Dodging        | |  2.8
Stealth        | |  1.5

Action                     |  1- 3 |  4- 6 |  7- 9 | 10-12 || total
---------------------------+-------+-------+-------+-------++-------
   Cast: Foxfire           |    59 |    29 |    90 |    32 ||   210
         Scorch            |    13 |    45 |    62 |    56 ||   176
         Inner Flame       |       |     4 |    16 |    10 ||    30
         Call Canine Famil |       |       |    15 |    18 ||    33
 Invoke: Curse Item        |       |       |       |     1 ||     1
 Armour: Robe              |     4 |     2 |     3 |     5 ||    14
  Dodge: Dodged            |     1 |     8 |    13 |    11 ||    33

Table legend: (Time is in decaauts)
 A = Elapsed time spent in this place.
 B = Non-inter-level travel time spent in this place.
 C = Inter-level travel time spent in this place.
 D = Time resting spent in this place.
 E = Time spent auto-exploring this place.
 F = Levels seen in this place.
 G = Mean time per level.
                   A        B        C        D        E       F      G
               +--------+--------+--------+--------+--------+-----+--------+
         Total |   9002 |   8615 |    387 |   1081 |   5763 |  11 |  818.4 |
       Dungeon |   7978 |   7602 |    376 |    839 |   5234 |   8 |  997.2 |
        Temple |     36 |     25 |     11 |      0 |      2 |   1 |   36.0 |
          Lair |    491 |    491 |      0 |    242 |    166 |   1 |  491.0 |
         Sewer |    495 |    495 |      0 |      0 |    361 |   1 |  495.0 |
               +--------+--------+--------+--------+--------+-----+--------+

Top non-repeatable levels by time:
     D:8: 1287 daAuts
     D:6: 1226 daAuts
     D:4: 1085 daAuts
     D:7: 1068 daAuts
     D:1: 935 daAuts
     D:3: 921 daAuts
     D:5: 769 daAuts
     D:2: 685 daAuts
   Sewer: 495 daAuts
  Lair:1: 491 daAuts
  Temple: 36 daAuts
